 Dungeon Crawl Stone Soup version 0.31-a0-222-gefeffbb62a (webtiles) character file.

Game seed: 15766958032356888468

84 qw the Shooter (level 4, -1/36 HPs)
             Began as a Minotaur Hexslinger on July 4, 2023.
             Killed from afar by Ijyb (4 damage)
             ... with a puff of flame
             ... on level 3 of the Dungeon.
             The game lasted 00:00:38 (1653 turns).

qw the Shooter (Minotaur Hexslinger)                Turns: 1653, Time: 00:00:38

Health: -1/36      AC:  6    Str: 18    XL:     4   Next: 24%
Magic:  4/4        EV: 11    Int: 10    God:
Gold:   152        SH:  0    Dex: 15    Spells: 4/5 levels left

rFire   . . .        Y - +2 sling
rCold   . . .        (no shield)
rNeg    + . .        e - +0 ring mail
rPois   .            (helmet restricted)
rElec   .            i - +0 cloak
rCorr   .            (no gloves)
SInv    .            (no boots)
Will    .....        (no amulet)
Stlth   +            d - +6 ring of strength
HPRegen 0.26/turn    f - ring of positive energy
MPRegen 0.09/turn

%: no passive effects
@: no status effects
A: horns 2, retaliatory headbutt
a: no special abilities


You were on level 3 of the Dungeon.
You visited 1 branch of the dungeon, and saw 3 of its levels.

You collected 152 gold pieces.


Innate Abilities, Weirdness & Mutations

You have a pair of horns on your head.
You reflexively headbutt those who attack you in melee.


   Skills:
 - Level 2.0 Fighting
 + Level 4.5 Ranged Weapons
 - Level 1.2 Armour
 - Level 2.1 Dodging
 - Level 1.0 Spellcasting
 - Level 2.0 Hexes


You had 4 spell levels left.
You knew the following spells:

 Your Spells              Type           Power      Damage    Failure   Level
a - Slow                  Hex            16%        N/A       26%         1

Your spell library contained the following spells:

 Spells                   Type           Power      Damage    Failure   Level
 Inner Flame              Hex/Fire       2%         N/A       77%         3
 Portal Projectile        Hex/Tloc       4%         N/A       77%         3
 Cause Fear               Hex            2%         N/A       95%         4

Inventory:

Hand Weapons
 Y - a +2 sling (weapon)
Armour
 e - a +0 ring mail (worn)
 i - a +0 cloak (worn)
Jewellery
 d - a +6 ring of strength (left hand)
 f - a ring of positive energy (right hand)
Potions
 c - a potion of lignification {unknown}
 g - a potion of resistance {unknown}

Dungeon Overview and Level Annotations

Branches:
Dungeon (3/15)

Altars:

Annotations:
D:3 Ijyb


Message History

Ijyb is heavily wounded.
Ijyb barely misses you.
You shoot a sling bullet.
The sling bullet hits Ijyb but does no damage.
Ijyb is heavily wounded.
Ijyb hits you with a +0 dagger.
You shoot a sling bullet.
The sling bullet hits Ijyb but does no damage.
Ijyb is heavily wounded.
Ijyb hits you but does no damage. Ijyb barely misses you.
You furiously retaliate!
You headbutt Ijyb! You shoot a sling bullet.
The sling bullet barely misses Ijyb.
Ijyb drinks a potion.
Ijyb is healed!
You shoot a sling bullet. The sling bullet barely misses Ijyb.
Ijyb hits you but does no damage.
You shoot a sling bullet.
The sling bullet hits Ijyb but does no damage.
Ijyb is moderately wounded.
Ijyb zaps a wand.
The puff of flame hits you.
You shoot a sling bullet.
The sling bullet hits Ijyb but does no damage.
Ijyb is moderately wounded.
Ijyb hits you with a +0 dagger. Ijyb hits you but does no damage.
You shoot a sling bullet. The sling bullet barely misses Ijyb.
Ijyb hits you but does no damage.
You shoot a sling bullet.
The sling bullet hits Ijyb but does no damage.
Ijyb is moderately wounded.
Ijyb hits you but does no damage.
You shoot a sling bullet. The sling bullet barely misses Ijyb.
Ijyb closely misses you.
You shoot a sling bullet. The sling bullet barely misses Ijyb.
Ijyb zaps a wand.
The puff of flame hits you!
You shoot a sling bullet.
The sling bullet hits Ijyb but does no damage.
Ijyb is moderately wounded.
Ijyb hits you with a +0 dagger.
Ijyb zaps a wand.
The puff of flame hits you.
You shoot a sling bullet. The sling bullet closely misses Ijyb.
Ijyb zaps a wand.
The puff of flame hits you.
You die...

.... ... #..## #...# ###
...# ..<# #### ..##..#..
... #.g...... #.##@## #
### #######.....##.###
... #.................
...####.#######......##.
................##....#
...<........>...........
...##..........#######..
... ##.........# #. ###
##.......##


You could see Ijyb.

Vanquished Creatures
  4 adders (D:2)
  2 worms
  3 endoplasms
  2 giant cockroaches
  2 goblins (D:1)
  5 hobgoblins
  2 jackals (D:1)
  4 quokkas
  3 ball pythons
  6 bats
  2 frilled lizards
  4 kobolds
  3 rats
42 creatures vanquished.

Notes
Turn   | Place    | Note
-------+----------+-------------------------------------------
     0 | D:1      | qw the Minotaur Hexslinger began the quest for the Orb.
     0 | D:1      | Reached XP level 1. HP: 16/16 MP: 1/1
     0 | D:1      | 0 ||| qw: Version: 0.3-a-46-gb1f654a
     0 | D:1      | 0 ||| qw: Game counter: 977
     0 | D:1      | 0 ||| qw: Melee chars always use a shield: true
     0 | D:1      | 0 ||| qw: God list: Okawaru
     0 | D:1      | 0 ||| qw: Allow faded altars: false
     0 | D:1      | 0 ||| qw: Do Orc after clearing Dungeon:15 true
     0 | D:1      | 0 ||| qw: Do second Lair branch before Depths: true
     0 | D:1      | 0 ||| qw: Lair rune preference: random
     0 | D:1      | 0 ||| qw: Goals: Normal
     0 | D:1      | 0 ||| PLANNING D:1-11
   226 | D:1      | Reached skill level 3 in Ranged Weapons
   266 | D:1      | Reached XP level 2. HP: 23/23 MP: 2/2
   697 | D:1      | 697 ||| UPGRADING to +0 ring mail.
   707 | D:1      | 707 ||| DROPPING +0 robe.
   708 | D:1      | 708 ||| READING scroll labelled LOUCUFEO JASAG.
   709 | D:1      | 709 ||| READING scroll labelled QIALOEPN YQEOM.
   712 | D:1      | 712 ||| READING scroll labelled BYAMAO KODETIO.
   713 | D:1      | 713 ||| DROPPING scroll of poison.
   748 | D:2      | Reached XP level 3. HP: 29/29 MP: 3/3
  1054 | D:2      | Reached skill level 4 in Ranged Weapons
  1125 | D:2      | Reached skill level 1 in Armour
  1125 | D:2      | Reached XP level 4. HP: 27/36 MP: 4/4
  1575 | D:2      | 1575 ||| UPGRADING to +0 cloak.
  1580 | D:2      | 1580 ||| UPGRADING to +6 ring of strength.
  1581 | D:2      | 1581 ||| UPGRADING to ring of positive energy.
  1582 | D:2      | 1582 ||| READING scroll labelled JIMECO DUZA.
  1583 | D:2      | 1583 ||| READING scroll labelled CIMUIXZ HOBAUGI.
  1584 | D:2      | 1584 ||| READING scroll labelled ZUTSOT IKKINTI.
  1585 | D:2      | 1585 ||| READING scroll labelled YSEAGA SORYNOC.
  1633 | D:3      | Noticed Ijyb
  1652 | D:3      | HP: 8/36 [Ijyb/+0 dagger (3)]
  1652 | D:3      | HP: 3/36 [Ijyb/puff of flame (5)]
  1653 | D:3      | Killed from afar by Ijyb

Levels and vault maps discovered:
D:1:      minmay_arrival_doors, layout_loops_ring
D:2:      kennysheep_big_flooded_room, layout_basic
D:3:      layout_rooms, uniq_ijyb

Skill      XL: |  1  2  3 |
---------------+----------+-----
Ranged Weapons | 3 4 |  4.5
Fighting       | 2 |  2.0
Armour         | 1 |  1.2
Dodging        | |  2.1
Spellcasting   | |  1.0
Hexes          | |  2.0

Action                     |  1- 3 |  4- 6 || total
---------------------------+-------+-------++-------
   Fire: Sling             |   100 |    48 ||   148
    Use: Scroll            |     3 |     4 ||     7
 Armour: Robe              |     6 |       ||     6
         Ring mail         |    16 |    12 ||    28
  Dodge: Dodged            |    53 |    16 ||    69

Table legend:
 A = Non-vault XP
 B = Vault XP
 C = Vault XP percentage of total XP
 D = Non-vault monster count
 E = Vault monster count
 F = Vault count percentage of total count
                 A         B        C        D         E       F
            +---------+---------+-------+---------+---------+-------
      Total |     118 |       3 |   2.5 |      40 |       2 |   4.8
            +---------+---------+-------+---------+---------+-------
        D:1 |      30 |       0 |   0.0 |      19 |       0 |   0.0
        D:2 |      81 |       3 |   3.6 |      19 |       2 |   9.5
        D:3 |       7 |       0 |   0.0 |       2 |       0 |   0.0
            +---------+---------+-------+---------+---------+-------
